 Dungeon Crawl Stone Soup version 0.27-a0-1334-g2746e35aca (webtiles) character file.

Game seed: 7870758443002505125

3528 lunkers the Frost Mage (level 10, -9/68 HPs)
             Began as a Merfolk Ice Elementalist on June 27, 2021.
             Was a Believer of Cheibriados.
             Shot with an arrow by a centaur (11 damage)
             ... on level 8 of the Dungeon on June 29, 2021.
             The game lasted 00:13:21 (10519 turns).

lunkers the Frost Mage (Merfolk Ice Elementalist)  Turns: 10519, Time: 00:13:22

Health: -9/68      AC: 10    Str: 14    XL:     10   Next: 8%
Magic:  5/19       EV: 14    Int: 21    God:    Cheibriados [**....]
Gold:   415        SH:  0    Dex: 18    Spells: 11/22 levels left

rFire    . . .     SeeInvis .   E - +4 short sword (freeze)
rCold    . . .     Faith    .   (no shield)
rNeg     . . .     Spirit   .   t - +0 robe
rPois    .         Reflect  .   u - +0 helmet
rElec    .         Harm     .   z - +2 cloak
rCorr    .         Rampage  .   (no gloves)
Will     .....                  (no boots)
Stlth    ++........             (no amulet)
HPRegen  0.21/turn              q - +4 ring of protection
MPRegen  0.16/turn              (no ring)

@: very slightly contaminated, very slow
A: (nimble swimmer 2), mertail
a: Renounce Religion, Bend Time


You were on level 8 of the Dungeon.
You worshipped Cheibriados.
Cheibriados was pleased with you.
You visited 2 branches of the dungeon, and saw 9 of its levels.
You also visited: Sewer.

You collected 415 gold pieces.

Inventory:

Hand Weapons
 a - a +2 whip of electrocution
 k - a +2 short sword of protection
 r - a +1 falchion of holy wrath
 y - a +3 quarterstaff of chaos
 E - a +4 short sword of freezing (weapon)
Armour
 t - a +0 robe (worn)
 u - a +0 helmet (worn)
 z - a +2 cloak (worn)
Jewellery
 q - a +4 ring of protection (left hand)
 A - a ring of protection from fire
Wands
 H - a wand of digging (4)
Scrolls
 c - a scroll of enchant armour {unknown}
 d - 4 scrolls of teleportation {unknown}
 e - 2 scrolls of magic mapping {unknown}
 f - 6 scrolls of identify {unknown}
 h - a scroll of amnesia {unknown}
 j - a scroll of torment {unknown}
 m - a scroll of summoning {unknown}
 n - 3 scrolls of immolation {unknown}
 p - a scroll of fear {unknown}
 w - 4 scrolls of enchant weapon {unknown}
 B - a scroll of blinking {unknown}
 G - a scroll of vulnerability {unknown}
Potions
 b - 2 potions of invisibility {unknown}
 g - 2 potions of heal wounds {unknown}
 i - 3 potions of haste {unknown}
 l - 4 potions of might {unknown}
 o - 2 potions of berserk rage {unknown}
 s - a potion of curing {unknown}
 v - a potion of degeneration {unknown}
 x - a potion of lignification {unknown}
 C - a potion of cancellation {unknown}
 D - 2 potions of attraction {unknown}
 F - 2 potions of magic {unknown}


   Skills:
 + Level 2.4 Fighting
 + Level 4.2 Dodging
 - Level 2.1 Stealth
 + Level 6.6 Spellcasting
 + Level 5.9 Summonings
 + Level 11.4 Ice Magic
 + Level 2.3 Invocations


You had 11 spell levels left.
You knew the following spells:

 Your Spells              Type           Power      Damage    Failure   Level
a - Freeze                Ice            100%       1d11      1%          1
b - Frozen Ramparts       Ice            100%       1d12      1%          3
c - Ozocubu's Armour      Ice            53%        N/A       1%          3
d - Summon Ice Beast      Ice/Summ       43%        N/A       2%          4

Your spell library contained the following spells:

 Spells                   Type           Power      Damage    Failure   Level
 Summon Small Mammal      Summ           100%       N/A       1%          1
 Call Imp                 Summ           31%        N/A       1%          2
 Call Canine Familiar     Summ           31%        N/A       2%          3
 Summon Guardian Golem    Hex/Summ       19%        N/A       9%          3
 Hailstorm                Conj/Ice       30%        3d8       9%          4
 Sandblast                Erth           12%        2d6       10%         1
 Passwall                 Tmut/Erth      5%         N/A       14%         2
 Metabolic Englaciation   Hex/Ice        15%        N/A       24%         5
 Summon Lightning Spire   Summ/Air       19%        N/A       26%         4
 Stone Arrow              Conj/Erth      12%        3d7       28%         3
 Petrify                  Tmut/Erth      6%         N/A       67%         4
 Lee's Rapid Deconstruct  Erth           3%         3d6*      95%         5


Dungeon Overview and Level Annotations

Branches:
Dungeon (8/15)             Temple (1/1) D:6           Sewer (visited)
   Lair: D:8-11

Altars:
Cheibriados
Dithmenos
Elyvilon
Fedhas
Gozag
Hepliaklqana
Kikubaaqudgha
Makhleb
Okawaru
Qazlal
Sif Muna
Uskayaw
Vehumet
Wu Jian
Xom
The Shining One
Beogh

Shops:
D:3 [   D:5 [

Annotations:
D:2 Terence


Innate Abilities, Weirdness & Mutations

((You are quick and stealthy near water. (Stealth+, EV+, Speed+++)))
Your lower body shifts to a powerful aquatic tail in water.


Message History

* * * LOW HITPOINT WARNING * * *
The howler monkey hits your ice beast.
The centaur shoots an arrow.
The arrow hits you!
* * * LOW HITPOINT WARNING * * *
Your ice beast hits the kobold brigand.
Your ice beast freezes the kobold brigand!
The kobold brigand dies!
Cheibriados appreciates the change of pace.
Your ice beast barely misses the howler monkey.
The howler monkey hits your ice beast!
The centaur shoots an arrow.
The arrow hits you!
* * * LOW HITPOINT WARNING * * *
Your ice beast hits the howler monkey.
Your ice beast freezes the howler monkey!
The howler monkey dies!
Cheibriados thoroughly appreciates the change of pace.
The centaur shoots an arrow.
The arrow closely misses you.
Things that are here:
a +0 giant club; a +0 giant spiked club; a two-headed ogre corpse
Casting: Summon Ice Beast (dangerous; 2% risk of failure)
Confirm with . or Enter, or press ? or * to list all spells.
A film of ice covers your body!
The centaur shoots an arrow.
The arrow barely misses your ice beast. The arrow hits you.
* * * LOW HITPOINT WARNING * * *
The centaur shoots an arrow.
The arrow completely misses your ice beast.
The arrow hits you.
* * * LOW HITPOINT WARNING * * *
Unknown command.
Okay, then.
Your icy armour will break if you move.
Continue?
Okay, then.
Your icy armour will break if you move.
Continue?
Your icy armour cracks and falls away as you move.
Your ice beast closely misses the centaur.
Your ice beast hits the centaur.
Your ice beast freezes the centaur!
The centaur shoots an arrow.
The arrow closely misses your ice beast.
The arrow hits you!
You die...

#.##.........#
#.#######.######. #.#
#........ ## #.#
##'####### ...## #.#
##>..## .....#.# ..#
##.....## #...... ###
#.......## ......##
#.........######..##..##
+.........'.@)#........#
#.........####....Yc....
##.......## #!....Y....
##.....## ##........#
##...## #.)...>..# ##+#
#...††..... #..........
##........# ##..##..##


You could see a centaur (ally target) and 2 friendly ice beasts.

Vanquished Creatures
  6 yaks (D:8)
  2 water moccasins
  Purgy (Sewer)
  2 necrophages
  2 ogres
  A phantom (D:6)
  A wyvern zombie (D:6)
  A wyvern skeleton (D:6)
  A water moccasin skeleton (D:4)
  A killer bee (D:8)
  A howler monkey (D:6)
  A wight (D:6)
  A centaur zombie (D:7)
  2 orc priests
  4 hounds
  Crazy Yiuf (D:4)
  A jelly (D:4)
  A bullfrog skeleton (D:6)
  3 iguanas
  6 orc wizards
  A hound zombie (D:5)
  Robin (D:4)
  4 gnolls (D:4)
  A howler monkey skeleton (D:4)
  4 adders
  A river rat (D:3)
  2 worms
  3 dart slugs
  18 orcs
  8 ball pythons
  11 endoplasms
  6 giant cockroaches
  15 goblins
  15 hobgoblins
  6 jackals
  4 quokkas
  15 bats
  5 frilled lizards
  7 kobolds
  4 rats
170 creatures vanquished.

Vanquished Creatures (collateral kills)
  A two-headed ogre (D:8)
  2 water moccasins
  A necrophage (D:7)
  2 centaurs
  2 kobold brigands
  3 killer bees (D:8)
  4 wights (D:6)
  2 howler monkeys (D:8)
  An orc priest (D:7)
  An iguana (D:6)
  A white imp (D:8)
  3 orcs (D:7)
  6 kobolds (D:7)
29 creatures vanquished.

Grand Total: 199 creatures vanquished

Notes
Turn   | Place    | Note
-------+----------+-------------------------------------------
     0 | D:1      | lunkers the Merfolk Ice Elementalist began the quest for
                  | the Orb.
     0 | D:1      | Reached XP level 1. HP: 13/13 MP: 3/3
   130 | D:1      | Reached XP level 2. HP: 7/19 MP: 0/5
   640 | D:1      | Reached skill level 5 in Ice Magic
   697 | D:1      | Reached XP level 3. HP: 20/24 MP: 3/6
  1462 | D:2      | Learned a level 3 spell: Frozen Ramparts
  1489 | D:2      | Learned a level 3 spell: Ozocubu's Armour
  1745 | D:2      | Found a faded altar of an unknown god.
  2056 | D:2      | Reached XP level 4. HP: 28/30 MP: 4/8
  2630 | D:2      | Noticed Terence
  2646 | D:3      | Found Tirretuj's Antique Armour Shoppe.
  2803 | D:3      | Found a glowing drain.
  2850 | Sewer    | Entered a sewer
  2866 | Sewer    | Reached skill level 6 in Ice Magic
  2939 | Sewer    | Noticed Purgy
  2976 | Sewer    | Killed Purgy
  2977 | Sewer    | Reached XP level 5. HP: 34/35 MP: 0/10
  3128 | D:3      | Noticed a necrophage
  3139 | D:3      | Killed a necrophage
  3140 | D:3      | Reached skill level 7 in Ice Magic
  3140 | D:3      | Reached XP level 6. HP: 31/41 MP: 5/11
  3222 | D:3      | Learned a level 4 spell: Summon Ice Beast
  3546 | D:3      | Reached skill level 1 in Summonings
  3692 | D:3      | Found a burning altar of Makhleb.
  3692 | D:3      | Noticed a cacodemon
  3695 | D:3      | Noticed a hellwing
  3695 | D:3      | Noticed a neqoxec
  3781 | D:3      | Reached XP level 7. HP: 31/46 MP: 2/13
  4391 | D:4      | Reached skill level 8 in Ice Magic
  4890 | D:4      | Noticed Robin
  4907 | D:4      | Killed Robin
  5241 | D:4      | Found a runed translucent door.
  5242 | D:4      | Noticed Crazy Yiuf
  5316 | D:4      | Found an iron altar of Okawaru.
  5462 | D:4      | Killed Crazy Yiuf
  5611 | D:5      | Entered Level 5 of the Dungeon
  5625 | D:5      | Reached XP level 8. HP: 45/52 MP: 6/15
  6148 | D:5      | Found Sioba's Armour Boutique.
  6728 | D:6      | Reached skill level 9 in Ice Magic
  6770 | D:6      | Found a glowing golden altar of the Shining One.
  6771 | D:6      | Found a white marble altar of Elyvilon.
  6803 | D:6      | Reached skill level 5 in Spellcasting
  6841 | D:6      | Found a hide-covered altar of Uskayaw.
  7652 | D:6      | Found a staircase to the Ecumenical Temple.
  7789 | Temple   | Entered the Ecumenical Temple
  7904 | Temple   | Became a worshipper of Cheibriados the Contemplative
  8120 | D:6      | Reached skill level 10 in Ice Magic
  8120 | D:6      | Reached XP level 9. HP: 57/57 MP: 6/17
  8390 | D:6      | Found an ornate altar of the Wu Jian Council.
  9424 | D:7      | Found a blossoming altar of Fedhas.
  9616 | D:7      | Reached * piety under Cheibriados
  9855 | D:8      | Reached skill level 5 in Summonings
 10184 | D:8      | Reached skill level 11 in Ice Magic
 10186 | D:8      | Reached skill level 1 in Fighting
 10187 | D:8      | Reached skill level 1 in Invocations
 10380 | D:8      | Noticed a two-headed ogre
 10392 | D:8      | Killed a two-headed ogre
 10392 | D:8      | Reached ** piety under Cheibriados
 10393 | D:8      | Reached XP level 10. HP: 68/68 MP: 1/19
 10518 | D:8      | HP: 2/68 [centaur/arrow (2)]
 10519 | D:8      | Shot with an arrow by a centaur

Illustrated notes

Levels and vault maps discovered:
D:1:      minmay_arrival_jagged, layout_basic
D:2:      layout_loops_ring, hellmonk_ecumenical_altar_defaced_shrine,
          uniq_terence
D:3:      layout_basic, makhleb_altar_promises_db, portal_sewer_entry_a,
          serial_shops, nicolae_shop_crystal, chequers_jeans
D:4:      layout_cave_pools, okawaru_altar_gauntlet_db, minivault_11,
          kennysheep_doodads, uniq_crazy_yiuf_cottage, uniq_robin
D:5:      layout_basic, serial_shops, nicolae_shop_behind_doors
D:6:      layout_loops_ring, nicolae_overflow_hidden_temple,
          minmay_temple_entry_nine_rooms
D:7:      layout_rooms, kennysheep_little_box
D:8:      layout_loops_corners, cheibrodos_ashenzari_chains,
          kennysheep_mini_moat, minmay_holes, st_stairs_5, disabler_island
Temple:   nicolae_temple_figure_zero

Skill      XL: |  1  2  3  4  5  6  7  8  9 |
---------------+----------------------------+-----
Ice Magic      | 5 6 7 8 10 11 | 11.4
Spellcasting   | 3 4 5 6 |  6.6
Summonings     | 1 2 4 5 |  5.9
Fighting       | 2 |  2.4
Dodging        | 4 |  4.2
Invocations    | 2 |  2.3
Stealth        | |  2.1

Action                   |  1- 3 |  4- 6 |  7- 9 | 10-12 || total
-------------------------+-------+-------+-------+-------++-------
Melee: Unarmed           |     3 |       |       |       ||     3
       Short sword       |       |    27 |    58 |       ||    85
       Falchion          |       |       |     6 |       ||     6
       Whip              |       |       |    46 |       ||    46
 Cast: Freeze            |    72 |    52 |    54 |       ||   178
       Frozen Ramparts   |       |     6 |    22 |       ||    28
       Ozocubu's Armour  |       |     2 |    14 |     1 ||    17
       Summon Ice Beast  |       |       |    40 |     2 ||    42
 Stab: Sleeping          |       |       |     1 |       ||     1
Armor: Robe              |    11 |    30 |    72 |     1 ||   114
Dodge: Dodged            |    27 |    52 |   129 |     2 ||   210

Table legend: (Time is in decaauts)
 A = Elapsed time spent in this place.
 B = Non-inter-level travel time spent in this place.
 C = Inter-level travel time spent in this place.
 D = Time resting spent in this place.
 E = Time spent auto-exploring this place.
 F = Levels seen in this place.
 G = Mean time per level.
                   A        B        C        D        E       F      G
               +--------+--------+--------+--------+--------+-----+--------+
         Total |  10856 |  10549 |    307 |    256 |   8972 |  10 | 1085.6 |
       Dungeon |  10487 |  10194 |    293 |    252 |   8695 |   8 | 1310.9 |
        Temple |    127 |    114 |     13 |      0 |    113 |   1 |  127.0 |
         Sewer |    241 |    241 |      0 |      4 |    163 |   1 |  241.0 |
               +--------+--------+--------+--------+--------+-----+--------+

Top non-repeatable levels by time:
     D:6: 2064 daAuts
     D:4: 1565 daAuts
     D:1: 1434 daAuts
     D:7: 1360 daAuts
     D:2: 1211 daAuts
     D:3: 1156 daAuts
     D:8: 901 daAuts
     D:5: 793 daAuts
   Sewer: 241 daAuts
  Temple: 127 daAuts
